Map: Overgrown Facility

Players

Bronsky

  • Race: Zerg Zerg
  • League: Gold
  • Spawn Location: 7:00

Muppins

  • Race: Protoss Protoss
  • Spawn Location: 9:00

Metasapien - Winner!

  • Race: Zerg Zerg
  • League: Platinum
  • Spawn Location: 1:00

Kswiss - Winner!

  • Race: Protoss Protoss
  • Spawn Location: 3:00

VOD

Have the link to the VOD?

Description

Time

  • Played on: Sept. 17, 2017, 2:52 p.m.
  • Length: 24:36
Show
View Real Time Build Order
Export as new Build Order

Bronsky Zerg 

Build Orders: Hatch First 

Get SALT Encoding   

  12  0:26  Extractor  
  11  0:34  Hatchery  
  10  0:53  Spawning Pool  
  9  0:59  Drone  
  10  1:07  Drone  
  11  1:16  Drone  
  12  1:24  Drone  
  13  1:31  Drone  
  14  1:46  Overlord  
  14  1:52  Zergling x2  
  15  2:07  Metabolic Boost  
  15  2:09  Zergling x2  
  15  2:10  Zergling x2  
  17  2:26  Zergling x6  
  19  2:53  Queen  
  19  2:55  Queen  
  23  3:00  Drone  
  23  3:03  Drone  
  25  3:13  Drone x2  
  25  3:18  Drone  
  23  3:49  Overlord x3  
  23  3:57  Drone  
  24  4:05  Zergling x2  
  24  4:06  Zergling x6  
  28  4:12  Zergling x2  
  29  4:20  Zergling x2  
  29  4:39  Lair  
  29  4:46  Evolution Chamber  
  29  4:48  Roach Warren  
  29  4:49  Baneling Nest  
  29  4:52  Drone x3  
  29  4:54  Drone  
  29  4:55  Drone x2  
  32  5:00  Drone  
  32  5:04  Drone  
  34  5:15  Zerg Melee Weapons Level 1  
  34  5:26  Overlord x2  
  34  5:29  Zergling x4  
  36  6:06  Roach x5  
  36  6:07  Roach x3  
  48  6:25  Zergling x4  
  48  6:26  Zergling x10  
  48  6:32  Glial Reconstitution  
  52  6:36  Centrifical Hooks  
  52  7:01  Hydralisk Den, Spore Crawler  
  51  7:03  Spore Crawler  
  51  7:04  Drone x3  
  52  7:09  Extractor  
  52  7:12  Extractor  
  52  7:13  Drone x2  
  52  7:14  Drone x4, Extractor  
  55  7:36  Zerg Missile Weapons Level 1  
  54  7:55  Drone x2  
  54  7:56  Drone x3  
  59  7:58  Hydralisk x4  
  59  8:02  Overlord x3  
  67  8:13  Muscular Augments  
  67  8:18  Baneling x4  
  67  8:21  Drone  
  68  8:36  Queen  
  68  8:38  Hydralisk x2  
  74  8:53  Drone x2  
  76  9:02  Overseer  
  76  9:07  Hatchery  
  75  9:28  Spore Crawler x2  
  73  9:48  Hydralisk x7  
  73  9:49  Hydralisk  
  89  10:07  Overlord  
  89  10:08  Overlord x3  
  89  10:34  Drone x2  
  89  10:35  Drone x6  
  97  10:37  Queen  
  99  10:56  Overlord x2  
  99  11:00  Overseer x2  
  49  12:07  Hydralisk  
  49  12:08  Hydralisk x9, Roach x3  
  73  12:19  Roach, Hydralisk x2  
  71  12:40  Hydralisk x2  
  71  12:41  Hydralisk x3  
  78  12:44  Zerg Missile Weapons Level 2  
  78  12:54  Hydralisk x5  
  78  12:55  Hydralisk x3  
  96  13:06  Extractor x2  
  52  13:30  Hydralisk x6  
  50  13:39  Roach x3  
  56  14:03  Hatchery  
  56  14:05  Zergling x4  
  56  14:06  Zergling x6  
  60  14:18  Queen  
  52  14:32  Overseer x3  
  48  14:58  Lurker Den  
  48  15:01  Roach, Hydralisk x5  
  51  16:05  Hydralisk x8  
  67  16:44  Hydralisk  
  67  16:45  Hydralisk x6  
  57  17:17  Roach x2  
  57  17:18  Roach x7  
  61  17:30  Zergling x4  
  61  17:35  Lurker x2  
  37  18:28  Drone x3  
  37  18:33  Spawning Pool  
Show
View Real Time Build Order
Export as new Build Order

Muppins Protoss 

Build Orders:  

Get SALT Encoding   

  12  0:05  Probe (Chrono Boost)  
  13  0:26  Pylon  
  13  0:30  Pylon  
  13  0:33  Probe (Chrono Boost)  
  14  0:43  Probe (Chrono Boost)  
  15  0:54  Probe (Chrono Boost), Gateway  
  16  1:04  Gateway  
  16  1:18  Pylon  
  16  1:19  Probe (Chrono Boost)  
  16  1:21  Assimilator  
  17  1:29  Probe (Chrono Boost)  
  18  1:39  Assimilator  
  18  1:40  Probe (Chrono Boost)  
  18  1:44  Cybernetics Core  
  19  1:49  Zealot (Chrono Boost)  
  21  1:59  Zealot (Chrono Boost)  
  23  2:06  Probe  
  24  2:18  Probe  
  25  2:38  Zealot (Chrono Boost)  
  25  2:41  Zealot (Chrono Boost)  
  29  2:52  Nexus  
  29  3:04  Twilight Council  
  29  3:09  Stargate  
  29  3:14  Probe  
  30  3:26  Probe  
  27  4:01  Zealot (Chrono Boost)  
  31  4:02  Zealot (Chrono Boost)  
  31  4:09  Void Ray (Chrono Boost)  
  33  4:10  Pylon  
  33  4:13  Warp Gate  
  33  4:14  Charge  
  33  4:22  Pylon  
  33  4:36  Probe x2  
  35  4:46  Probe  
  35  4:48  Probe  
  37  4:57  Probe  
  42  5:00  Void Ray (Chrono Boost), Probe  
  43  5:08  Probe  
  43  5:12  Probe  
  45  5:18  Probe  
  46  5:24  Probe  
  46  5:26  Dark Shrine  
  46  5:27  Gateway  
  47  5:28  Gateway  
  47  5:38  Assimilator  
  47  5:40  Probe  
  47  5:42  Assimilator  
  48  5:44  Pylon  
  48  5:45  Probe  
  49  5:51  Probe  
  50  6:01  Probe  
  51  6:12  Probe  
  38  6:55  Forge  
  38  6:57  Pylon  
  38  7:00  Pylon  
  38  7:03  Gateway  
  38  7:06  Gateway  
  38  7:07  Fleet Beacon  
  38  7:13  Robotics Facility  
  38  7:17  Stargate  
  38  7:33  Nexus  
  38  7:35  Assimilator  
  38  7:40  Assimilator, Photon Cannon  
  38  7:43  Pylon  
  38  7:46  Pylon  
  38  7:50  Photon Cannon  
  38  7:51  Photon Cannon  
  38  7:54  Photon Cannon  
  38  8:02  Photon Cannon  
  38  8:04  Pylon, Photon Cannon x2  
  38  8:15  Photon Cannon  
  38  8:17  Photon Cannon  
  38  8:20  Photon Cannon  
  38  8:23  Probe, Photon Cannon x2  
  39  8:34  Probe  
  39  8:38  Dark Templar x2  
  39  8:39  Dark Templar x2  
  48  8:44  Probe  
  49  8:50  Probe  
  49  8:55  Probe  
  50  9:00  Probe  
  52  9:04  Probe  
  52  9:05  Probe  
  52  9:08  Dark Templar x2  
  58  9:11  Probe  
  58  9:14  Dark Templar  
  58  9:15  Dark Templar  
  58  9:16  Probe x2  
  64  9:21  Probe  
  66  9:31  Probe  
  66  9:32  Probe  
  66  9:33  Probe  
  69  9:42  Probe x2  
  69  9:45  Probe  
  72  9:57  Probe  
  63  10:33  Zealot x2  
  63  10:34  Zealot x4  
  69  10:51  Pylon  
  69  10:52  Pylon  
  69  10:54  Pylon  
  69  10:58  Nexus  
  69  11:00  Assimilator  
  69  11:01  Probe x2  
  69  11:02  Probe  
  72  11:04  Assimilator  
  72  11:07  Pylon, Zealot x4  
  72  11:08  Zealot x2  
  72  11:11  Probe x2, Pylon  
  84  11:14  Probe  
  84  11:15  Pylon  
  84  11:17  Pylon  
  87  11:18  Pylon  
  87  11:23  Gateway  
  87  11:26  Gateway  
  87  11:30  Sentry x3  
  87  11:31  Sentry x3  
  73  11:56  Zealot x4  
  73  11:57  Zealot x2  
  73  12:11  Probe x3  
  73  12:13  Probe  
  69  12:18  Zealot x2  
  69  12:19  Zealot x3  
  69  12:20  Zealot  
  69  12:22  Probe x3  
  79  12:25  Probe  
  79  12:29  Gateway  
  83  12:30  Gateway  
  83  12:32  Probe x3, Gateway  
  83  12:34  Zealot x2  
  90  12:37  Probe  
  91  12:50  Stalker x4  
  99  12:56  Sentry x2  
  103  13:15  Zealot x3  
  103  13:16  Zealot  
  105  13:50  Zealot  
  105  13:51  Zealot x5  
  89  14:11  Photon Cannon  
  89  14:14  Photon Cannon  
  85  14:18  Photon Cannon, Zealot x3  
  85  14:19  Zealot x2  
  85  14:21  Photon Cannon  
  95  14:24  Photon Cannon, Dark Templar x3  
  95  14:26  Stalker  
  95  14:28  Photon Cannon  
  95  14:31  Photon Cannon  
  95  14:35  Photon Cannon  
  95  14:37  Gateway  
  95  14:39  Gateway  
  95  14:40  Gateway  
  95  14:41  Observer (Chrono Boost)  
  95  14:45  Sentry x4  
  102  14:46  Sentry  
  106  14:59  Observer (Chrono Boost)  
  107  15:08  Sentry x3  
  107  15:10  Nexus, Sentry x3  
  107  15:11  Assimilator  
  107  15:12  Sentry x3  
  107  15:14  Pylon, Assimilator  
  125  15:15  Pylon  
  125  15:17  Pylon  
  125  15:18  Pylon, Observer (Chrono Boost)  
  125  15:19  Pylon  
  126  15:32  Photon Cannon  
  126  15:37  Observer (Chrono Boost)  
  121  15:55  Observer (Chrono Boost)  
  122  16:08  Zealot x2  
  122  16:09  Zealot x5  
  122  16:10  Zealot x2  
  136  16:34  Dark Templar x2  
  136  16:35  Dark Templar x2  
  136  16:37  Stalker x6  
  89  17:21  Sentry x2  
  89  17:22  Sentry x6  
  89  17:23  Zealot  
  89  17:24  Zealot x3  
  99  17:46  Gateway  
  99  17:47  Gateway  
  99  17:48  Gateway  
  99  17:49  Gateway  
  99  17:50  Gateway  
  99  17:51  Zealot x7  
  105  17:52  Zealot x5  
  105  17:53  Gateway  
  123  18:14  Stalker x5  
  123  18:15  Stalker x5  
  123  18:16  Stalker  
  123  18:19  Observer (Chrono Boost)  
  146  18:29  Dark Templar  
  148  18:37  Observer (Chrono Boost)  
  148  18:40  Sentry x5  
  159  18:42  Sentry x2  
  159  18:43  Stalker x3  
  159  18:44  Stalker  
  172  18:56  Observer (Chrono Boost)  
  158  19:09  Zealot  
  132  19:10  Zealot x8  
  132  19:11  Zealot x3  
  132  19:14  Observer (Chrono Boost)  
  101  19:31  Dark Templar x6  
  85  19:32  Dark Templar x6  
  87  20:17  Zealot x2  
  87  20:18  Zealot x4  
  87  20:19  Zealot x4  
  87  20:20  Zealot  
  108  20:34  Zealot x2  
  108  20:35  Zealot x3  
  96  20:39  Zealot x2  
  96  20:40  Zealot x7  
  96  20:41  Zealot  
  80  21:03  Zealot x5  
  80  21:04  Zealot x6  
  90  21:05  Zealot x3  
  103  21:26  Zealot x6  
  103  21:27  Zealot x2  
  103  21:28  Zealot x4  
  103  21:29  Zealot  
  129  21:48  Zealot x6  
  129  21:49  Zealot x4  
  129  21:52  Zealot  
  103  22:18  Zealot  
  103  22:19  Zealot x5  
  34  22:58  Forge  
  31  23:38  Pylon  
  31  23:39  Nexus  
  19  23:44  Pylon  
Show
View Real Time Build Order
Export as new Build Order

Metasapien Zerg - Winner!

Build Orders: Pool First 

Get SALT Encoding   

  12  0:01  Drone  
  13  0:09  Drone  
  14  0:18  Extractor  
  14  0:19  Drone, Extractor  
  13  0:23  Drone  
  14  0:31  Overlord  
  16  0:53  Spawning Pool  
  16  0:54  Extractor  
  16  0:56  Drone x2  
  16  1:07  Drone  
  17  1:17  Drone  
  18  1:32  Hatchery  
  17  1:47  Spine Crawler  
  17  1:50  Drone  
  17  1:51  Drone  
  18  2:00  Queen  
  20  2:08  Metabolic Boost  
  20  2:34  Drone  
  20  2:35  Drone  
  22  2:43  Extractor  
  21  2:47  Queen  
  21  2:48  Drone  
  24  2:55  Spine Crawler  
  24  2:58  Spine Crawler  
  22  3:05  Drone  
  23  3:06  Overlord  
  23  3:15  Drone x2  
  23  3:18  Drone  
  26  3:20  Drone  
  26  3:24  Zergling x2  
  28  3:27  Zergling x2  
  28  3:29  Zergling x2  
  28  3:32  Zergling x2  
  31  3:35  Zergling x2  
  32  3:52  Drone x2  
  33  4:14  Drone x2  
  33  4:15  Drone  
  36  4:20  Drone, Roach Warren  
  36  4:21  Overlord  
  36  4:24  Spine Crawler  
  32  4:36  Zergling x8  
  32  4:37  Zergling x2  
  36  4:57  Lair  
  36  4:58  Hatchery  
  35  5:00  Roach x2  
  35  5:01  Roach x2  
  35  5:04  Overlord x3  
  43  5:21  Overlord  
  43  5:22  Overlord  
  43  5:28  Roach x3  
  49  5:29  Roach  
  51  5:36  Drone  
  51  5:38  Extractor  
  51  5:43  Extractor  
  51  5:50  Ravager x3  
  51  5:52  Spore Crawler  
  51  5:54  Queen x2  
  53  6:01  Hydralisk Den  
  50  6:05  Spore Crawler  
  50  6:07  Spore Crawler  
  35  6:30  Roach x2  
  35  6:31  Roach x2  
  35  6:32  Roach  
  43  6:35  Hydralisk  
  45  6:47  Drone  
  45  6:48  Drone x2  
  45  6:49  Drone  
  49  6:56  Drone x2  
  49  6:57  Drone  
  49  7:00  Ravager x2  
  54  7:15  Drone x3  
  57  7:17  Drone  
  58  7:33  Spine Crawler  
  57  7:42  Drone x3  
  60  7:49  Drone x5  
  60  7:50  Overlord x2  
  60  7:51  Overlord x2  
  65  7:55  Extractor x2  
  65  7:58  Drone x3  
  66  8:27  Drone x2  
  66  8:28  Drone x5  
  66  8:29  Drone  
  66  8:30  Overlord  
  66  8:31  Overlord x2  
  74  8:35  Drone  
  75  8:46  Hydralisk  
  75  8:47  Hydralisk x4  
  85  8:59  Drone, Infestation Pit  
  85  9:00  Drone  
  85  9:01  Drone  
  87  9:03  Drone x2  
  87  9:07  Drone x3  
  87  9:09  Drone x3  
  95  9:26  Pneumatized Carapace  
  95  9:28  Overseer  
  95  9:40  Hydralisk x2  
  95  9:41  Roach x2, Hydralisk x5  
  95  9:42  Roach x4  
  95  9:44  Drone  
  122  9:47  Nydus Network  
  122  9:52  Evolution Chamber  
  120  9:54  Evolution Chamber  
  105  10:17  Drone x2  
  105  10:18  Drone  
  92  10:36  Drone x2  
  92  10:37  Drone, Queen  
  92  10:41  Queen x2  
  101  10:53  Hydralisk  
  101  10:54  Roach, Hydralisk x4  
  101  10:55  Roach x3  
  119  11:01  Zerg Ground Armor Level 1, Zerg Missile Weapons Level 1  
  119  11:13  Hatchery  
  119  11:16  Hatchery  
  105  11:37  Roach, Hydralisk x5  
  105  11:38  Roach x3  
  121  11:40  Overlord x2  
  121  11:41  Overlord x2  
  101  12:30  Hydralisk x3  
  101  12:31  Roach x5, Hydralisk x2  
  121  12:49  Hydralisk x3  
  121  12:50  Roach x3, Hydralisk  
  135  12:52  Nydus Canal  
  135  12:53  Queen  
  137  13:07  Nydus Canal  
  98  13:32  Zerg Missile Weapons Level 2  
  98  13:33  Zerg Ground Armor Level 2  
  92  13:34  Drone x2  
  92  13:35  Drone x2  
  92  13:36  Drone x2  
  92  13:37  Drone  
  92  13:39  Drone x2  
  92  13:40  Drone x2  
  92  13:41  Overlord x4  
  103  13:42  Overlord x2  
  89  14:01  Drone x2  
  91  14:06  Hydralisk x3  
  91  14:07  Roach x4, Hydralisk x2  
  91  14:08  Roach x2  
  99  14:43  Drone, Hydralisk x3  
  99  14:44  Roach x2, Hydralisk x5  
  99  14:45  Hydralisk, Roach x4  
  130  14:46  Roach  
  132  14:55  Extractor  
  132  14:56  Drone x2  
  132  14:57  Extractor  
  132  15:28  Drone x2  
  134  15:29  Drone  
  134  15:30  Drone  
  134  15:31  Drone  
  137  15:39  Hatchery  
  136  15:44  Hydralisk x3  
  136  15:45  Roach x3, Hydralisk x5  
  136  15:46  Hydralisk, Roach x4  
  136  15:47  Roach  
  170  16:01  Ravager x3  
  170  16:02  Ravager x3  
  176  16:12  Overseer x2  
  176  16:21  Drone  
  176  16:22  Drone  
  176  16:23  Drone  
  179  16:42  Infestor  
  179  16:43  Infestor x4  
  186  17:04  Extractor  
  169  17:09  Extractor  
  169  17:11  Unknown  
  154  17:20  Unknown x2  
  150  17:26  Hive  
  150  17:29  Queen  
  150  17:39  Hatchery  
  149  17:45  Nydus Canal  
  149  17:50  Hydralisk x3  
  149  17:51  Hydralisk x5, Roach x5  
  159  17:52  Hydralisk x3, Roach x5  
  159  17:53  Roach x2  
  159  17:54  Roach  
  191  18:00  Burrow  
  189  18:50  Nydus Canal  
  179  19:02  Extractor  
  179  19:06  Extractor  
  143  19:24  Roach, Hydralisk x3  
  143  19:25  Roach x4, Hydralisk x4  
  143  19:26  Roach x3  
  153  19:40  Unknown x2  
  153  19:41  Unknown x2  
  112  20:04  Hydralisk  
  112  20:05  Roach, Hydralisk x4  
  112  20:06  Hydralisk x3, Roach x6  
  144  20:07  Hydralisk, Roach x2  
  144  20:08  Roach x2, Hydralisk  
  154  20:16  Overlord x3  
  154  20:17  Overlord  
  154  20:22  Overseer  
  154  20:26  Overseer  
  154  20:27  Overseer  
  150  20:59  Zerg Missile Weapons Level 3, Zerg Ground Armor Level 3  
  150  21:00  Adrenal Glands  
  150  21:18  Queen  
  150  21:20  Hydralisk  
  150  21:21  Roach, Hydralisk x5  
  150  21:22  Hydralisk x5, Roach x3  
  150  21:23  Roach x5, Hydralisk x3  
  150  21:24  Roach  
  184  22:06  Zergling x2  
  184  22:07  Zergling x6  
  172  22:17  Drone x6  
  155  22:38  Zergling x32  
  155  22:39  Zergling x22  
  179  22:50  Hatchery  
  178  22:51  Extractor  
  178  22:53  Extractor  
  178  22:55  Glial Reconstitution  
  176  23:01  Muscular Augments  
  170  23:30  Hydralisk x2  
  170  23:31  Hydralisk  
  176  23:46  Queen  
  178  24:03  Ultralisk Cavern  
  178  24:04  Nydus Network  
  176  24:13  Zergling x2  
  176  24:14  Zergling x40  
Show
View Real Time Build Order
Export as new Build Order

Kswiss Protoss - Winner!

Build Orders:  

Get SALT Encoding   

  12  0:10  Probe (Chrono Boost)  
  13  0:25  Probe (Chrono Boost)  
  14  0:35  Probe (Chrono Boost)  
  15  0:40  Pylon  
  15  0:59  Probe (Chrono Boost)  
  16  1:08  Nexus  
  16  1:09  Probe (Chrono Boost)  
  17  1:25  Forge  
  17  1:33  Gateway  
  17  1:40  Assimilator  
  17  1:44  Probe (Chrono Boost)  
  18  1:55  Probe (Chrono Boost), Pylon  
  19  2:05  Probe (Chrono Boost)  
  19  2:07  Photon Cannon  
  20  2:11  Photon Cannon  
  20  2:16  Probe (Chrono Boost)  
  20  2:20  Probe (Chrono Boost)  
  22  2:31  Probe (Chrono Boost)  
  23  2:37  Zealot  
  23  2:41  Probe (Chrono Boost)  
  26  2:45  Assimilator  
  26  2:49  Pylon  
  26  2:53  Probe (Chrono Boost), Pylon  
  27  3:03  Probe (Chrono Boost)  
  28  3:07  Photon Cannon  
  28  3:14  Probe (Chrono Boost)  
  28  3:15  Photon Cannon  
  29  3:25  Probe (Chrono Boost)  
  28  3:35  Probe (Chrono Boost)  
  29  3:46  Probe (Chrono Boost)  
  30  3:56  Probe (Chrono Boost)  
  30  4:02  Cybernetics Core  
  31  4:09  Zealot  
  33  4:12  Pylon  
  33  4:15  Pylon  
  33  4:19  Photon Cannon  
  33  4:24  Pylon  
  33  4:32  Gateway  
  33  4:34  Protoss Ground Weapons Level 1  
  33  4:35  Gateway  
  33  4:36  Probe (Chrono Boost)  
  34  4:41  Assimilator  
  34  4:43  Warp Gate (Chrono Boost)  
  34  4:45  Probe (Chrono Boost)  
  35  4:55  Probe  
  35  4:57  Pylon  
  36  5:06  Probe, Robotics Facility  
  37  5:16  Probe, Stargate  
  38  5:24  Assimilator  
  38  5:27  Probe, Photon Cannon  
  38  5:29  Photon Cannon  
  38  5:32  Photon Cannon  
  39  5:37  Probe  
  39  5:38  Photon Cannon  
  40  5:48  Probe  
  41  5:53  Stalker x2  
  45  5:58  Probe  
  45  6:03  Phoenix (Chrono Boost)  
  48  6:09  Probe  
  49  6:20  Probe  
  49  6:23  Gateway  
  50  6:27  Twilight Council  
  48  6:59  Immortal (Chrono Boost)  
  48  7:00  Robotics Bay  
  52  7:03  Protoss Ground Armor Level 1 (Chrono Boost)  
  52  7:18  Dark Shrine  
  52  7:23  Pylon x2  
  52  7:26  Blink (Chrono Boost)  
  52  7:31  Stalker x2  
  52  7:33  Zealot  
  58  7:37  Warp Prism  
  60  7:54  Stalker  
  62  8:06  Fleet Beacon  
  62  8:21  Colossus  
  68  8:30  Extended Thermal Lance (Chrono Boost)  
  68  8:34  Phoenix  
  70  8:53  Protoss Shields Level 1  
  70  8:59  Phoenix  
  72  9:09  Dark Templar x2  
  76  9:10  Dark Templar  
  78  9:40  Phoenix  
  78  9:43  Protoss Air Weapons Level 1  
  80  10:05  Phoenix  
  82  10:12  Stalker x2  
  82  10:13  Dark Templar  
  82  10:14  Dark Templar  
  90  10:15  Nexus  
  90  10:26  Observer  
  91  10:30  Phoenix  
  93  10:36  Observer Gravitic Boosters (Chrono Boost)  
  93  10:42  Dark Templar  
  95  10:46  Zealot  
  95  10:47  Protoss Ground Weapons Level 2 (Chrono Boost)  
  97  11:01  Gateway  
  97  11:02  Gateway  
  97  11:05  Pylon  
  97  11:07  Pylon  
  69  11:47  Stalker x4  
  73  11:57  Templar Archives  
  71  12:51  Protoss Ground Armor Level 2 (Chrono Boost)  
  70  12:56  Colossus  
  72  13:31  Stalker x6  
  68  13:50  Colossus  
  64  14:09  Dark Templar  
  66  14:10  Dark Templar x5  
  68  14:43  Colossus, Stalker  
  68  14:44  Stalker x4  
  68  14:45  Stalker  
  86  14:56  Assimilator  
  86  15:17  Protoss Ground Weapons Level 3 (Chrono Boost)  
  86  15:24  Assimilator  
  86  15:25  Pylon x2  
  84  15:37  Immortal  
  72  15:53  Stalker x2  
  72  15:54  Stalker x3  
  76  16:17  High Templar, Immortal  
  82  16:22  Zealot x2  
  86  16:32  Probe  
  87  16:42  Probe  
  88  16:49  Sentry  
  88  16:52  Stalker x3  
  88  16:53  Probe, Stalker x2  
  100  16:56  Observer  
  102  17:03  Probe  
  100  17:14  Probe  
  99  17:29  Observer  
  100  17:33  Shadow Stride  
  100  17:50  Observer  
  82  18:36  Nexus  
  82  18:37  Assimilator  
  82  18:38  Assimilator  
  82  18:48  Stalker x2  
  82  18:49  Stalker x4  
  82  18:54  Protoss Ground Armor Level 3 (Chrono Boost)  
  94  19:22  Stalker x4  
  94  19:23  Stalker  
  104  19:26  Zealot  
  106  19:37  Charge (Chrono Boost)  
  81  20:58  Stalker x3  
  81  20:59  Stalker x3  
  93  21:06  Anion Pulse-Crystals  
  93  21:08  Phoenix  
  93  21:09  Probe  
  96  21:20  Probe  
  96  21:23  Protoss Shields Level 2  
  96  21:24  Dark Templar  
  96  21:25  Dark Templar  
  101  21:30  Probe  
  102  21:33  Phoenix  
  104  21:41  Probe  
  105  21:51  Probe  
  106  21:58  Phoenix  
  104  22:35  Stalker x2  
  104  22:36  Stalker  
  106  22:37  Stalker  
  106  22:38  Stalker x2  
  108  22:54  Pylon  
  108  22:59  Colossus  
  114  23:06  Sentry x2  
  114  23:08  Zealot x3  
  114  23:09  Zealot  
Tags
 
Add a new tag
Caveats
  • Supply blocks, unpowered buildings, or Contaminate may cause inaccurate times.
  • Supply counts are checked every 10 seconds.